 Dungeon Crawl Stone Soup version 0.30-a0-534-gdc55766716 (webtiles) character file.

Game seed: 2322504429723345614

86 bande the Covered (level 4, 0/29 HPs)
             Began as a Gargoyle Fighter on Dec 25, 2022.
             Slain by Grinder (8 damage)
             ... on level 3 of the Dungeon.
             The game lasted 00:04:04 (2678 turns).

bande the Covered (Gargoyle Fighter)                Turns: 2678, Time: 00:04:04

Health: 0/29       AC: 10    Str: 20    XL:     4   Next: 49%
Magic:  4/4        EV:  5    Int:  8    God:
Gold:   177        SH: 12    Dex: 11    Spells: 3/3 levels left

rFire   . . .      SeeInvis .    a - +0 war axe
rCold   . . .      Faith    .    m - +0 tower shield
rNeg    + . .      Spirit   .    b - +0 scale mail
rPois   ∞          Reflect  .    (no helmet)
rElec   +          Harm     .    (no cloak)
rCorr   .          Rampage  .    (no gloves)
Will    .....                    (no boots) Stlth
                                 (no amulet)
HPRegen 0.24/turn                (no ring)
MPRegen 0.09/turn                (no ring)

@: no status effects
A: sickness immunity, AC +3, negative energy resistance 1, electricity
resistance, torment resistance 1, petrification resistance
a: no special abilities


You were on level 3 of the Dungeon.
You visited 1 branch of the dungeon, and saw 3 of its levels.

You collected 177 gold pieces.

Inventory:

Hand Weapons
 a - a +0 war axe (weapon)
 f - a +0 war axe
Armour
 b - a +0 scale mail (worn)
 m - a +0 tower shield (worn)
Jewellery
 c - an amulet of regeneration
 i - a ring of willpower
 j - a ring of protection from cold
Scrolls
 e - 2 scrolls of identify
 h - a scroll of fear
 k - a scroll of teleportation {unknown}
Potions
 d - a potion of might
 g - 3 potions of heal wounds


   Skills:
 + Level 3.8 Fighting
 + Level 3.0 Axes
 + Level 4.1 Armour
 + Level 3.6 Shields


You had 3 spell levels left.
You didn't know any spells.
Your spell library was empty.

Dungeon Overview and Level Annotations

Branches:
Dungeon (3/15)

Altars:

Annotations:
D:3 Grinder


Innate Abilities, Weirdness & Mutations

You are immune to sickness and miasma.
Your stone body is resilient. (AC +3)
You are immune to poison.
You resist negative energy. (rN+)
You are resistant to electric shocks. (rElec)
You are resistant to unholy torment.
You are immune to petrification.


Message History

You barely resist. You closely miss Grinder.
Grinder is moderately wounded.
Grinder hits you.
You writhe in agony.
Grinder says, "There's only one good use for a tongue: cutting it out."
Grinder hits you.
You completely miss Grinder.
Grinder is moderately wounded.
Grinder zaps a wand.
You resist with some effort.
The now-empty wand crumbles to dust.
You hit Grinder.
Grinder is moderately wounded.
Grinder hits you but does no damage. You block Grinder's attack.
You hit Grinder but do no damage.
Grinder is moderately wounded.
Grinder gestures at you. Pain shoots through your body!
You block Grinder's attack.
You barely miss Grinder.
Grinder is moderately wounded.
Grinder hits you.
* * * LOW HITPOINT WARNING * * *
Grinder says, "Wait up."
You block Grinder's attack.
You closely miss Grinder.
Grinder is moderately wounded.
Grinder hits you but does no damage.
You hit Grinder.
Grinder is heavily wounded.
You block Grinder's attack. Grinder hits you but does no damage.
You closely miss Grinder.
Grinder is heavily wounded.
Grinder hits you but does no damage. Grinder barely misses you.
You slash Grinder!
Grinder is severely wounded.
Grinder drinks a potion.
Grinder is healed!
You block Grinder's attack.
You hit Grinder but do no damage. You block Grinder's attack.
You closely miss Grinder. Grinder hits you.
* * * LOW HITPOINT WARNING * * *
Grinder hits you!
You die...

# #.#.#
#...##############.#
#. ###.#.#
#........###PPb###.#
#. ......#
#...###.## .P... ###
#. ###.[#####...#
#.########### #. #
#..........#
#...........#####.
###..#########
##..###....)......
.....# ##.#
#.########## ###..#
#######'# #.# #..#
#....@..# #.. #..#
#...5...# #### ##.#
#.......#
#.#######...#####
#.##...##...#.P.#
#.##.####...#.P.#
#.##.####...#...#
#......##...#####
####.####.......#


You could see Grinder.

Vanquished Creatures
  An adder (D:2)
  4 worms
  5 endoplasms
  2 giant cockroaches
  12 goblins
  7 hobgoblins
  2 jackals (D:3)
  4 quokkas
  3 ball pythons (D:1)
  6 bats
  5 frilled lizards
  4 kobolds
  3 rats
58 creatures vanquished.

Notes
Turn   | Place    | Note
-------+----------+-------------------------------------------
     0 | D:1      | bande the Gargoyle Fighter began the quest for the Orb.
     0 | D:1      | Reached XP level 1. HP: 14/14 MP: 1/1
    94 | D:1      | Reached XP level 2. HP: 19/19 MP: 2/2
   270 | D:1      | Found a faded altar of an unknown god.
   401 | D:1      | Reached XP level 3. HP: 24/24 MP: 3/3
  1234 | D:2      | Reached XP level 4. HP: 16/29 MP: 4/4
  1544 | D:2      | Reached skill level 4 in Armour
  2609 | D:3      | Noticed Grinder
  2614 | D:3      | Paralysed by Grinder for 5 turns
  2621 | D:3      | Paralysed by Grinder for 4 turns
  2627 | D:3      | Paralysed by Grinder for 2 turns
  2678 | D:3      | Slain by Grinder

Illustrated notes

Levels and vault maps discovered:
D:1:      minmay_arrival_doors, layout_basic, hellmonk_ecumenical_altar_blasted,
          minmay_misc_feat_doors, serial_bayou_lagoon_a, minivault_14,
          minmay_surrounded
D:2:      layout_loops_cross, minivault_24
D:3:      layout_basic, serial_aquarium, aquarium_bridge_square
          [aquarium_subvault_bridge, aquarium_subvault_wall,
          aquarium_subvault_window, aquarium_subvault_bridge],
          aquarium_bridge_straight [aquarium_subvault_bridge,
          aquarium_subvault_wall, aquarium_subvault_bridge,
          aquarium_subvault_window], aquarium_window_1,
          aquarium_window_corridor_1, aquarium_window_1, aquarium_view_2f,
          aquarium_balcony_3b, aquarium_pool_S, uniq_grinder

Skill      XL: |  1  2  3  4 |
---------------+-------------+-----
Axes           | 2 3 |  3.0
Armour         | 4 |  4.1
Fighting       | |  3.8
Shields        | |  3.6

Action                   |  1- 3 |  4- 6 || total
-------------------------+-------+-------++-------
Melee: War axe           |   140 |    76 ||   216
       Unarmed           |       |     2 ||     2
  Use: Scroll            |     5 |     3 ||     8
Armor: Scale mail        |    85 |    40 ||   125
       Skin              |       |     5 ||     5
Dodge: Dodged            |    67 |    19 ||    86
Block: Buckler           |    25 |       ||    25
       Tower shield      |    11 |    51 ||    62

Table legend: (Time is in decaauts)
 A = Elapsed time spent in this place.
 B = Non-inter-level travel time spent in this place.
 C = Inter-level travel time spent in this place.
 D = Time resting spent in this place.
 E = Time spent auto-exploring this place.
 F = Levels seen in this place.
 G = Mean time per level.
                   A        B        C        D        E       F      G
               +--------+--------+--------+--------+--------+-----+--------+
         Total |   2807 |   2792 |     15 |    294 |   1831 |   3 |  935.7 |
       Dungeon |   2807 |   2792 |     15 |    294 |   1831 |   3 |  935.7 |
               +--------+--------+--------+--------+--------+-----+--------+

Top non-repeatable levels by time:
     D:2: 1045 daAuts
     D:3: 1019 daAuts
     D:1: 743 daAuts
